TOP OF THE 1ST |
Kingston Township Legion batting - Pitching for Capital District Red Knights : LHP Myles Wilkerson
|
Pitching: LHP Myles Wilkerson
|
|
Batting: RHB Alfredo Cardenas
|
0-0: Foul Ball, location: 2F 0-1: TRIPLE (Flyball, 89XD)
|
Batting: RHB Dani Trejo
|
0-0: Called Strike 0-1: Foul Ball, location: 2F 0-2: Ball 1-2: Ball 2-2: Foul Ball, location: 2F 2-2: Strikes out swinging
|
Batting: RHB EP Weston
|
0-0: Ball 1-0: Called Strike 1-1: Called Strike 1-2: Ball 2-2: Ball 3-2: Foul Ball, location: 2F 3-2: Strikes out swinging
|
Batting: RHB Clarence Neal
|
0-0: Called Strike 0-1: Foul Ball, location: 2F 0-2: Fly out, F8 (Flyball, 8LD)
|
Top of the 1st over - 0 runs, 1 hit, 0 errors, 1 left on base; Kingston Township 0 - Capital District 0 |
BOTTOM OF THE 1ST |
Capital District Red Knights batting - Pitching for Kingston Township Legion : LHP Shigemasa Horiuchi
|
Pitching: LHP Shigemasa Horiuchi
|
|
Batting: RHB Arnold Giroux
|
0-0: Ball 1-0: Foul Ball, location: 2F 1-1: Swinging Strike 1-2: Fly out, F8 (Flyball, 8RD)
|
Batting: RHB Robert O'Connor
|
0-0: Ball 1-0: Foul Ball, location: 2F 1-1: Swinging Strike 1-2: Strikes out swinging
|
Batting: RHB José Paz
|
0-0: Ball 1-0: Swinging Strike 1-1: Ball 2-1: Ground out 6-3 (Groundball, 6)
|
Bottom of the 1st over - 0 runs, 0 hits, 0 errors, 0 left on base; Kingston Township 0 - Capital District 0 |
TOP OF THE 2ND |
Kingston Township Legion batting - Pitching for Capital District Red Knights : LHP Myles Wilkerson
|
Batting: RHB Jim Scott
|
0-0: Ball 1-0: Foul Ball, location: 2F 1-1: Foul Ball, location: 2F 1-2: Strikes out looking
|
Batting: RHB José Icaza
|
0-0: Ball 1-0: Ball 2-0: SINGLE (Groundball, 6MD)
|
Batting: LHB António González
|
0-0: Ball 1-0: Ground out 4-3 (Groundball, 34D) José Icaza to second
|
Batting: RHB Júlio Rodríguez
|
0-0: Swinging Strike 0-1: Ball 1-1: Called Strike 1-2: Ball 2-2: Strikes out swinging
|
Top of the 2nd over - 0 runs, 1 hit, 0 errors, 1 left on base; Kingston Township 0 - Capital District 0 |
BOTTOM OF THE 2ND |
Capital District Red Knights batting - Pitching for Kingston Township Legion : LHP Shigemasa Horiuchi
|
Batting: RHB Pedro Álvarez
|
0-0: Ball 1-0: Foul Ball, location: 2F 1-1: Foul Ball, location: 2F 1-2: Ball 2-2: Ball 3-2: SINGLE (Flyball, 9LS)
|
Batting: RHB Danilo Mosca
|
0-0: Ground out 3-1 (Groundball, 34S) Pedro Álvarez to second
|
Batting: RHB Mario Álvarez
|
0-0: Ball 1-0: Swinging Strike 1-1: Swinging Strike 1-2: Ball 2-2: Foul Ball, location: 2F 2-2: Strikes out swinging
|
Batting: RHB Rubén Campos
|
0-0: Called Strike 0-1: Foul Ball, location: 2F 0-2: Ground out 5-3 (Groundball, 56S)
|
Bottom of the 2nd over - 0 runs, 1 hit, 0 errors, 1 left on base; Kingston Township 0 - Capital District 0 |
TOP OF THE 3RD |
Kingston Township Legion batting - Pitching for Capital District Red Knights : LHP Myles Wilkerson
|
Batting: RHB Ron Bernard
|
0-0: Ball 1-0: SINGLE (Line Drive, 9S)
|
Batting: RHB Alfredo Cardenas
|
0-0: Called Strike 0-1: Ball 1-1: Called Strike 1-2: Ball 2-2: Ball 3-2: Fly out, F7 (Line Drive, 78D)
|
Batting: RHB Dani Trejo
|
0-0: Fly out, F7 (Flyball, 7D)
|
Batting: RHB EP Weston
|
0-0: Fly out, F4 (Line Drive, 4M)
|
Top of the 3rd over - 0 runs, 1 hit, 0 errors, 1 left on base; Kingston Township 0 - Capital District 0 |
BOTTOM OF THE 3RD |
Capital District Red Knights batting - Pitching for Kingston Township Legion : LHP Shigemasa Horiuchi
|
Batting: RHB Leo Cadden
|
0-0: Fly out, F3 (Popup, 3)
|
Batting: LHB Arturo Hernández
|
0-0: Called Strike 0-1: Ball 1-1: Foul Ball, location: 2F 1-2: Foul Ball, location: 2F 1-2: Ball 2-2: Ball 3-2: DOUBLE (Flyball, 8RD)
|
Batting: RHB Arnold Giroux
|
0-0: Ball 1-0: Called Strike 1-1: Ball 2-1: SINGLE (Groundball, 6MD) Arturo Hernández to third Runner from 3rd tries for Home, SAFE, no throw
|
Batting: RHB Robert O'Connor
|
0-0: SINGLE (Flyball, 78S) Arnold Giroux to second Runner from 2nd tries for 3rd, SAFE, throw made to third
|
Batting: RHB José Paz
|
0-0: Ball 1-0: Fly out, F4 (Line Drive, 4M)
|
Batting: RHB Pedro Álvarez
|
0-0: SINGLE (Groundball, 56D) Arnold Giroux scores Robert O'Connor to second
|
Batting: RHB Danilo Mosca
|
0-0: SINGLE (Flyball, 89S) Robert O'Connor to third Pedro Álvarez to second Runner from 3rd tries for Home, SAFE, no throw
|
Batting: RHB Mario Álvarez
|
0-0: Ground out 4-3 (Groundball, 4S)
|
Bottom of the 3rd over - 3 runs, 5 hits, 0 errors, 2 left on base; Kingston Township 0 - Capital District 3 |
TOP OF THE 4TH |
Kingston Township Legion batting - Pitching for Capital District Red Knights : LHP Myles Wilkerson
|
Batting: RHB Clarence Neal
|
0-0: Foul Ball, location: 2F 0-1: Swinging Strike 0-2: Ball 1-2: Ball 2-2: Strikes out swinging
|
Batting: RHB Jim Scott
|
0-0: Ball 1-0: Fly out, F9 (Flyball, 9)
|
Batting: RHB José Icaza
|
0-0: Foul Ball, location: 2F 0-1: Ball 1-1: Foul Ball, location: 2F 1-2: Ground out 4-3 (Groundball, 4MS)
|
Top of the 4th over - 0 runs, 0 hits, 0 errors, 0 left on base; Kingston Township 0 - Capital District 3 |
BOTTOM OF THE 4TH |
Capital District Red Knights batting - Pitching for Kingston Township Legion : LHP Shigemasa Horiuchi
|
Batting: RHB Rubén Campos
|
0-0: Fly out, F9 (Flyball, 9LMF)
|
Batting: RHB Leo Cadden
|
0-0: Ball 1-0: Swinging Strike 1-1: Ground out 6-3 (Groundball, 6)
|
Batting: LHB Arturo Hernández
|
0-0: Called Strike 0-1: Ball 1-1: Called Strike 1-2: Ground out U3 (Groundball, 34)
|
Bottom of the 4th over - 0 runs, 0 hits, 0 errors, 0 left on base; Kingston Township 0 - Capital District 3 |
TOP OF THE 5TH |
Kingston Township Legion batting - Pitching for Capital District Red Knights : LHP Myles Wilkerson
|
Batting: LHB António González
|
0-0: Ball 1-0: Ground out 6-3 (Groundball, 6)
|
Batting: RHB Júlio Rodríguez
|
0-0: Ball 1-0: Swinging Strike 1-1: Fly out, F6 (Line Drive, 6M)
|
Batting: RHB Ron Bernard
|
0-0: Foul Ball, location: 2F 0-1: Called Strike 0-2: Ball Error on foul ball, E2 1-2: TRIPLE (Line Drive, 89XD)
|
Batting: RHB Alfredo Cardenas
|
0-0: Called Strike 0-1: Foul Ball, location: 2F 0-2: Foul Ball, location: 2F 0-2: SINGLE (Line Drive, 5) Ron Bernard scores
|
Batting: RHB Dani Trejo
|
0-0: Called Strike 0-1: Ball 1-1: Ground out 1-3 (Groundball, 15S)
|
Top of the 5th over - 1 run, 2 hits, 1 error, 1 left on base; Kingston Township 1 - Capital District 3 |
BOTTOM OF THE 5TH |
Capital District Red Knights batting - Pitching for Kingston Township Legion : LHP Shigemasa Horiuchi
|
Batting: RHB Arnold Giroux
|
0-0: Swinging Strike 0-1: Swinging Strike 0-2: Strikes out looking
|
Batting: RHB Robert O'Connor
|
0-0: Ground out 6-3 (Groundball, 6S)
|
Batting: RHB José Paz
|
0-0: Called Strike 0-1: Ball 1-1: Called Strike 1-2: Strikes out swinging
|
Bottom of the 5th over - 0 runs, 0 hits, 0 errors, 0 left on base; Kingston Township 1 - Capital District 3 |
TOP OF THE 6TH |
Kingston Township Legion batting - Pitching for Capital District Red Knights : LHP Myles Wilkerson
|
Batting: RHB EP Weston
|
0-0: Called Strike 0-1: Ball 1-1: Ball 2-1: Foul Ball, location: 2F 2-2: Ball 3-2: Strikes out looking
|
Batting: RHB Clarence Neal
|
0-0: Ball 1-0: Ball 2-0: Ball 3-0: Base on Balls
|
Batting: RHB Jim Scott
|
0-0: Called Strike 0-1: Called Strike 0-2: Strikes out swinging
|
Batting: RHB José Icaza
|
0-0: SINGLE (Groundball, 5D) Clarence Neal to second
|
Batting: LHB António González
|
0-0: Ground out 4-3 (Groundball, 4)
|
Top of the 6th over - 0 runs, 1 hit, 0 errors, 2 left on base; Kingston Township 1 - Capital District 3 |
BOTTOM OF THE 6TH |
Capital District Red Knights batting - Pitching for Kingston Township Legion : LHP Shigemasa Horiuchi
|
Batting: RHB Pedro Álvarez
|
0-0: Ground out 6-3 (Groundball, 56D)
|
Batting: RHB Danilo Mosca
|
0-0: Ball 1-0: Ball 2-0: Ball 3-0: Base on Balls
|
Batting: RHB Mario Álvarez
|
0-0: Ball 1-0: Ball Danilo Mosca is caught stealing 2nd base 2-0: Fly out, F8 (Flyball, 8LD)
|
Bottom of the 6th over - 0 runs, 0 hits, 0 errors, 0 left on base; Kingston Township 1 - Capital District 3 |
TOP OF THE 7TH |
Kingston Township Legion batting - Pitching for Capital District Red Knights : LHP Myles Wilkerson
|
Batting: RHB Júlio Rodríguez
|
0-0: SINGLE (Groundball, 34D)
|
Batting: RHB Ron Bernard
|
0-0: Called Strike 0-1: Swinging Strike 0-2: Foul Ball, location: 2F 0-2: Ground out 6-3 (Groundball, 6MS) Júlio Rodríguez to second
|
Batting: RHB Alfredo Cardenas
|
0-0: Ball 1-0: Foul Ball, location: 2F 1-1: Called Strike 1-2: Ball 2-2: Strikes out looking
|
Batting: RHB Dani Trejo
|
0-0: SINGLE (Groundball, 6S) (infield hit) Júlio Rodríguez to third
|
Batting: RHB EP Weston
|
0-0: Ball 1-0: Called Strike 1-1: Swinging Strike 1-2: Ball 2-2: Foul Ball, location: 2F 2-2: Ball Dani Trejo is caught stealing 2nd base
|
Top of the 7th over - 0 runs, 2 hits, 0 errors, 1 left on base; Kingston Township 1 - Capital District 3 |
BOTTOM OF THE 7TH |
Capital District Red Knights batting - Pitching for Kingston Township Legion : LHP Shigemasa Horiuchi
|
Batting: RHB Rubén Campos
|
0-0: Fly out, F9 (Flyball, 89D)
|
Batting: RHB Leo Cadden
|
0-0: Called Strike 0-1: DOUBLE (Line Drive, 78D)
|
Batting: LHB Arturo Hernández
|
0-0: Called Strike 0-1: Called Strike 0-2: Ball 1-2: Strikes out swinging
|
Batting: RHB Arnold Giroux
|
0-0: Foul Ball, location: 2F 0-1: Ball 1-1: Fly out, F7 (Flyball, 7S)
|
Bottom of the 7th over - 0 runs, 1 hit, 0 errors, 1 left on base; Kingston Township 1 - Capital District 3 |
TOP OF THE 8TH |
Kingston Township Legion batting - Pitching for Capital District Red Knights : LHP Myles Wilkerson
|
Batting: RHB EP Weston
|
0-0: Ball 1-0: Foul Ball, location: 2F 1-1: Fly out, F6 (Line Drive, 6M)
|
Batting: RHB Clarence Neal
|
0-0: Foul Ball, location: 2F 0-1: Ball 1-1: Foul Ball, location: 2F 1-2: Ball 2-2: Fly out, F8 (Flyball, 8RM)
|
Batting: RHB Jim Scott
|
0-0: Ball 1-0: Foul Ball, location: 2F 1-1: Fly out, F3 (Line Drive, 3)
|
Top of the 8th over - 0 runs, 0 hits, 0 errors, 0 left on base; Kingston Township 1 - Capital District 3 |
BOTTOM OF THE 8TH |
Capital District Red Knights batting - Pitching for Kingston Township Legion : LHP Shigemasa Horiuchi
|
Batting: RHB Robert O'Connor
|
0-0: Ball 1-0: Called Strike 1-1: Swinging Strike 1-2: Foul Ball, location: 2F 1-2: Foul Ball, location: 2F 1-2: Ball 2-2: Foul Ball, location: 2F 2-2: Ground out 5-3 (Groundball, 56)
|
Batting: RHB José Paz
|
0-0: Called Strike 0-1: SINGLE (Line Drive, 7S)
|
Batting: RHB Pedro Álvarez
|
0-0: Ball 1-0: Called Strike 1-1: Called Strike 1-2: Foul Ball, location: 2F 1-2: Grounds into double play, 5-4-3 (Groundball, 5L)
|
Bottom of the 8th over - 0 runs, 1 hit, 0 errors, 0 left on base; Kingston Township 1 - Capital District 3 |
TOP OF THE 9TH |
Kingston Township Legion batting - Pitching for Capital District Red Knights : LHP Myles Wilkerson
|
Batting: RHB José Icaza
|
0-0: Fly out, F7 (Flyball, 7)
|
Batting: LHB António González
|
0-0: Ball 1-0: SINGLE (Groundball, 4MD)
|
Pitching: LHP Miguel Toro
|
|
Batting: RHB Júlio Rodríguez
|
0-0: Ball 1-0: Fly out, F9 (Flyball, 9LM)
|
Batting: RHB Ron Bernard
|
0-0: Called Strike 0-1: Ball 1-1: Foul Ball, location: 2F 1-2: Strikes out looking
|
Top of the 9th over - 0 runs, 1 hit, 0 errors, 1 left on base; Kingston Township 1 - Capital District 3 |
|